 Dungeon Crawl Stone Soup version 0.29-a0-857-g9b1aa3ac5b (webtiles) character file.

Game seed: 2021839927622270357

125 concernfroge the Trooper (level 4, -1/39 HPs)
             Began as a Mummy Monk on July 16, 2022.
             Slain by a hobgoblin (6 damage)
             ... led by Robin
             ... on level 2 of the Dungeon.
             The game lasted 00:05:54 (2507 turns).

concernfroge the Trooper (Mummy Monk)               Turns: 2507, Time: 00:05:55

Health: -1/39      AC:  6    Str: 16    XL:     4   Next: 82%
Magic:  4/4        EV: 11    Int:  9    God:
Gold:   101        SH:  0    Dex: 14    Spells: 3/3 levels left

rFire   x . .      SeeInvis .   a - +0 hand axe
rCold   + . .      Faith    .   (no shield)
rNeg    + + +      Spirit   .   d - +0 ring mail
rPois   ∞          Reflect  .   (no helmet)
rElec   .          Harm     .   (no cloak)
rCorr   .          Rampage  .   (no gloves)
Will    .....                   c - +0 pair of boots
Stlth   +.........              (no amulet)
HPRegen 0.13/turn               (no ring)
MPRegen 0.09/turn               (no ring)

@: no status effects
A: cold resistance 1, negative energy resistance 3, torment resistance 2, heat
vulnerability 1, in touch with death 1, no potions
a: no special abilities


You were on level 2 of the Dungeon.
You visited 1 branch of the dungeon, and saw 2 of its levels.

You collected 101 gold pieces.

Inventory:

Hand Weapons
 a - a +0 hand axe (weapon)
Armour
 c - a +0 pair of boots (worn)
 d - a +0 ring mail (worn)
Scrolls
 b - a scroll of summoning {unknown}
 e - a scroll of noise {unknown}
 f - a scroll of identify {unknown}
 g - a scroll of magic mapping {unknown}


   Skills:
 + Level 5.6 Fighting
 - Level 2.4 Axes
 - Level 2.4 Dodging
 - Level 1.5 Stealth


You had 3 spell levels left.
You didn't know any spells.
Your spell library contained the following spells:

 Spells                   Type           Power      Damage    Failure   Level
 Foxfire                  Conj/Fire      0%         2x1d4     61%         1
 Conjure Flame            Conj/Fire      0%         6-21      93%         3
 Inner Flame              Hex/Fire       0%         N/A       93%         3
 Flame Wave               Conj/Fire      0%         2d4       100%        4


Dungeon Overview and Level Annotations

Branches:
Dungeon (2/15)

Altars:

Shops:
D:1 *

Annotations:
D:2 Robin


Innate Abilities, Weirdness & Mutations

You are immune to poison.
Your flesh is cold resistant. (rC+)
You are immune to negative energy. (rN+++)
You are immune to unholy pain and torment.
You are vulnerable to heat. (rF-)
You are in touch with the powers of death.
You do not drink.


Message History

The adder is heavily wounded.
You hit the frilled lizard but do no damage.
You hit the goblin.
You kill the goblin!
You closely miss the hobgoblin. You hit the goblin.
The adder bites you but does no damage. The frilled lizard bites you.
The goblin hits you but does no damage. Robin throws the goblin at you!
The hobgoblin hits you.
You slash the adder!
You kill the adder!
You miss the frilled lizard. You closely miss the goblin.
You hit the hobgoblin.
You kill the hobgoblin!
You closely miss the goblin. The goblin completely misses you.
The frilled lizard bites you but does no damage.
You hit the goblin.
The goblin is moderately wounded.
You hit the goblin.
You kill the goblin!
You completely miss the frilled lizard. You hit the hobgoblin.
You hit the goblin but do no damage. The frilled lizard barely misses you.
The goblin hits you with a +0 dagger. The hobgoblin hits you.
* * * LOW HITPOINT WARNING * * *
The goblin closely misses you.
Okay, then.
You barely miss Robin. You hit the frilled lizard. You hit the goblin.
You kill the goblin!
You hit the hobgoblin.
You kill the hobgoblin!
You hit the goblin. Robin misses you. The frilled lizard barely misses you.
The goblin hits you but does no damage.
You hit Robin.
Robin is moderately wounded.
You hit the hobgoblin. You barely miss the hobgoblin.
You hit the goblin but do no damage. You hit the frilled lizard.
You kill the frilled lizard!
The goblin hits you with a +0 dagger.
* * * LOW HITPOINT WARNING * * *
The hobgoblin hits you.
You die...

###....## #...
#....## ####
##...## #...## #
##..###### # #.
#.........# # #..
#.........# #
###...###.........#
#
#.....g@g.........#
#
#......gg.##.......
# #...[)....#
....... #
#.........# .......
# #.........#
....?. #
#.........# ..... #
#.......... #
######.....# #
..###


You could see Robin, 2 hobgoblins and a goblin (strong).

Vanquished Creatures
  Terence (D:2)
  3 adders (D:2)
  2 dart slugs
  6 ball pythons
  3 bats
  An endoplasm (D:1)
  A giant cockroach (D:2)
  10 goblins
  9 hobgoblins
  10 jackals
  4 kobolds
  4 quokkas (D:1)
  5 frilled lizards
  3 rats (D:1)
62 creatures vanquished.

Notes
Turn   | Place    | Note
-------+----------+-------------------------------------------
     0 | D:1      | concernfroge the Mummy Monk began the quest for the Orb.
     0 | D:1      | Reached XP level 1. HP: 18/18 MP: 1/1
   548 | D:1      | Reached XP level 2. HP: 24/24 MP: 2/2
   732 | D:1      | HP: 1/25 [jackal (2)]
  1043 | D:1      | Found Unaatahi's General Store.
  1060 | D:1      | Reached skill level 4 in Fighting
  1116 | D:1      | Gained mutation: You are in touch with the powers of death.
                  | [Mummy growth]
  1116 | D:1      | Reached XP level 3. HP: 13/30 MP: 3/3
  1336 | D:1      | Found a faded altar of an unknown god.
  1943 | D:2      | Noticed Terence
  1967 | D:2      | Killed Terence
  1968 | D:2      | Reached skill level 5 in Fighting
  1968 | D:2      | Reached XP level 4. HP: 11/39 MP: 4/4
  2494 | D:2      | Noticed Robin
  2507 | D:2      | Slain by a hobgoblin

Illustrated notes

Levels and vault maps discovered:
D:1:      saegor_arrival_miasma, layout_basic, serial_shops,
          nicolae_shop_advertising_works [nicolae_subvault_shop_adworks],
          ebering_ecumenical_altar_box
D:2:      minmay_thinvault, layout_basic, nrook_mini_backslash, uniq_terence,
          uniq_robin

Skill      XL: |  1  2  3 |
---------------+----------+-----
Fighting       | 4 5 |  5.6
Axes           | |  2.4
Dodging        | |  2.4
Stealth        | |  1.5

Action                   |  1- 3 |  4- 6 || total
-------------------------+-------+-------++-------
Melee: Hand axe          |   162 |    31 ||   193
       Punch             |     3 |       ||     3
 Stab: Sleeping          |     2 |       ||     2
Armor: Robe              |     8 |       ||     8
       Ring mail         |    44 |    25 ||    69
       Skin              |     1 |       ||     1
Dodge: Dodged            |   125 |    39 ||   164

Table legend: (Time is in decaauts)
 A = Elapsed time spent in this place.
 B = Non-inter-level travel time spent in this place.
 C = Inter-level travel time spent in this place.
 D = Time resting spent in this place.
 E = Time spent auto-exploring this place.
 F = Levels seen in this place.
 G = Mean time per level.
                   A        B        C        D        E       F      G
               +--------+--------+--------+--------+--------+-----+--------+
         Total |   2541 |   2516 |     25 |    622 |   1506 |   2 | 1270.5 |
       Dungeon |   2541 |   2516 |     25 |    622 |   1506 |   2 | 1270.5 |
               +--------+--------+--------+--------+--------+-----+--------+

Top non-repeatable levels by time:
     D:1: 1799 daAuts
     D:2: 741 daAuts
